Map: Primeval Wilds

Players

Benirons - Winner!

  • Race: Terran Terran
  • Spawn Location: 6:00

A.I. 1 (Very Easy)

  • Race: Protoss Protoss
  • Spawn Location: 12:00

VOD

Have the link to the VOD?

Description

Time

  • Played on: Jan. 23, 2018, 7:56 p.m.
  • Length: 15:32
Show
View Real Time Build Order
Export as new Build Order

Benirons Terran - Winner!

Build Orders: Reaper Expand, MMM Bio 

Get SALT Encoding   

  12  0:02  SCV  
  13  0:14  SCV  
  13  0:18  Supply Depot  
  14  0:26  SCV  
  15  0:39  SCV  
  15  0:41  Barracks  
  16  0:46  Refinery  
  16  0:52  SCV  
  17  1:04  SCV  
  18  1:16  SCV  
  19  1:29  Reaper  
  19  1:30  Orbital Command  
  20  1:45  Command Center  
  20  1:54  Barracks  
  20  1:58  SCV  
  21  2:05  Barracks Reactor  
  21  2:10  SCV  
  21  2:12  Supply Depot  
  22  2:18  Refinery  
  22  2:22  SCV  
  23  2:34  Factory  
  23  2:35  SCV  
  24  2:41  Barracks Tech Lab  
  24  2:42  Marine  
  24  2:43  Marine  
  26  2:47  SCV  
  27  2:56  Orbital Command  
  27  3:00  SCV  
  27  3:01  Stimpack  
  28  3:12  SCV  
  29  3:15  Marine x3  
  29  3:19  Factory Reactor  
  32  3:22  SCV  
  32  3:24  SCV  
  34  3:30  Starport  
  34  3:35  Marine, SCV  
  34  3:36  Marine, SCV  
  34  3:38  Marine  
  39  3:43  Supply Depot  
  39  3:48  SCV  
  40  3:49  SCV  
  40  3:54  Marine  
  40  3:55  Marine  
  43  4:03  SCV  
  43  4:04  Marine, SCV  
  43  4:07  Supply Depot  
  46  4:16  Medivac x2  
  50  4:20  Factory Tech Lab  
  50  4:21  Marine x2  
  50  4:22  SCV x2  
  54  4:28  Marine  
  54  4:29  Supply Depot  
  54  4:30  Supply Depot  
  55  4:36  SCV, Refinery  
  55  4:37  SCV, Refinery  
  57  4:39  Marine x2  
  59  4:47  Marine  
  59  4:48  SCV  
  59  4:49  SCV  
  62  4:57  Marine, Engineering Bay  
  62  4:59  Supply Depot  
  62  5:00  Supply Depot  
  62  5:04  Combat Shields  
  63  5:10  SCV x2  
  65  5:14  Marine x2  
  65  5:15  Marine  
  68  5:24  SCV x2  
  68  5:25  Supply Depot  
  70  5:31  Terran Infantry Armor Level 1, Terran Infantry Weapons Level 1  
  70  5:32  Medivac  
  70  5:33  Medivac  
  74  5:38  SCV  
  74  5:39  SCV  
  76  5:49  Command Center  
  76  5:52  SCV x2  
  78  6:01  Marine x2  
  78  6:02  Marine  
  78  6:04  Supply Depot  
  81  6:07  Refinery  
  81  6:08  Refinery  
  81  6:11  Medivac  
  83  6:12  Medivac  
  83  6:14  SCV x2  
  87  6:20  Marine x2  
  89  6:29  SCV x2  
  91  6:43  Armory  
  91  6:44  Marine x2  
  91  6:45  Armory  
  93  6:52  Supply Depot  
  93  7:00  SCV x2  
  95  7:10  Starport  
  95  7:11  Fusion Core  
  95  7:12  Orbital Command  
  95  7:13  SCV x2  
  97  7:17  Marine x4  
  97  7:21  Supply Depot  
  97  7:22  Supply Depot  
  101  7:33  Terran Vehicle And Ship Armor Level 1, Terran Ship Weapons Level 1  
  101  7:34  Terran Infantry Weapons Level 2, Terran Infantry Armor Level 2  
  101  7:36  SCV x2  
  103  7:38  Marine x3  
  103  7:39  Marine  
  107  7:50  Factory Tech Lab  
  107  7:55  Supply Depot  
  107  7:56  Marine, Supply Depot  
  107  7:57  Marine x3  
  111  7:59  Battlecruiser  
  111  8:00  Battlecruiser  
  111  8:02  Weapon Refit  
  123  8:08  SCV x3  
  126  8:20  Starport  
  126  8:22  SCV x3, Supply Depot  
  126  8:23  Supply Depot  
  129  8:36  SCV x2  
  129  8:37  SCV  
  132  8:52  Supply Depot  
  132  8:54  Supply Depot  
  132  8:57  Battlecruiser  
  138  9:23  Battlecruiser  
  144  9:24  Battlecruiser  
  144  9:26  Refinery  
  144  9:27  Terran Vehicle And Ship Armor Level 2, Refinery  
  144  9:28  Terran Ship Weapons Level 2  
  150  9:45  Marine x3  
  151  9:46  Marine  
  151  9:50  Terran Infantry Armor Level 3  
  151  9:51  Terran Infantry Weapons Level 3  
  154  9:54  Missile Turret, Command Center  
  154  10:09  Battlecruiser  
  160  10:18  Marine x2  
  160  10:19  Marine x2  
  164  10:24  Missile Turret  
  164  10:34  Battlecruiser  
  170  10:45  Missile Turret  
  170  10:50  Barracks  
  170  10:52  Barracks  
  170  10:53  Barracks  
  170  10:55  Battlecruiser  
  176  11:17  Missile Turret  
  176  11:21  Battlecruiser  
  182  11:26  Orbital Command  
  182  11:30  Missile Turret  
  182  11:41  Battlecruiser  
  182  11:45  Terran Vehicle And Ship Armor Level 3, Terran Ship Weapons Level 3  
  188  11:58  Missile Turret, Marine  
  188  11:59  Marine x2  
  188  12:00  Marine  
  195  12:05  Battlecruiser  
  195  12:07  Missile Turret  
  198  12:26  Raven  
  200  12:30  Hi-Sec Auto Tracking  
  200  12:31  Building Armor  
  200  12:38  Missile Turret  
  200  12:44  Missile Turret  
  200  13:36  Command Center  
  200  13:40  Command Center  
  199  14:24  Marine  
Show
View Real Time Build Order
Export as new Build Order

A.I. 1 (Very Easy) Protoss 

Build Orders:  

Get SALT Encoding   

  12  0:00  Probe  
  13  0:13  Probe  
  14  0:19  Pylon  
  14  0:36  Assimilator  
  14  0:42  Gateway  
  14  0:46  Pylon  
  14  1:14  Assimilator  
  14  1:20  Probe  
  15  1:32  Cybernetics Core, Probe  
  16  1:44  Probe  
  17  1:56  Probe  
  18  2:08  Warp Gate, Probe  
  19  2:09  Stalker  
  21  2:20  Probe  
  22  4:28  Probe  
  22  5:33  Probe, Zealot  
  25  5:38  Pylon  
  25  5:40  Robotics Facility  
  25  5:45  Probe  
  26  5:57  Probe  
  25  6:10  Probe  
  26  6:13  Pylon  
  26  6:22  Probe  
  27  6:27  Observer  
  27  6:30  Zealot  
  30  6:49  Observer  
  31  7:16  Nexus  
  31  7:27  Stalker  
  33  8:29  Probe  
  34  8:36  Assimilator, Probe  
  34  8:40  Assimilator  
  35  8:43  Probe  
  36  8:50  Probe  
  37  8:58  Probe  
  38  9:05  Probe  
  39  9:12  Probe  
  40  9:19  Probe  
  41  9:26  Probe  
  42  9:33  Probe  
  43  9:40  Probe  
  44  9:48  Probe  
  45  9:55  Probe  
  46  10:02  Probe  
  47  10:09  Probe  
  48  11:11  Warp Prism  
  48  11:12  Stalker  
  48  11:14  Gateway  
  48  11:16  Robotics Bay  
  52  11:18  Stargate  
  52  11:21  Pylon  
  52  11:46  Stalker  
  47  11:47  Warp Prism  
  49  12:02  Gravitic Drive  
  49  12:05  Gateway  
  49  12:20  Zealot  
  51  12:23  Observer  
  52  12:45  Observer  
  53  12:59  Observer Gravitic Boosters  
  53  13:06  Immortal  
  57  13:47  Stalker  
  55  13:59  Observer  
  47  14:16  Void Ray  
  51  14:21  Observer  
  51  14:23  Pylon  
  50  14:26  Probe  
  50  14:30  Nexus, Pylon  
  50  14:33  Probe  
  50  14:37  Pylon  
  50  14:40  Probe  
  50  14:42  Observer  
  50  14:45  Pylon  
  50  14:50  Stalker  
  52  14:55  Probe, Pylon  
  32  15:08  Probe  
  32  15:10  Pylon  
  23  15:15  Pylon  
Tags
 
Composition
MMM Bio
Matchup
PvT
Spawn Locations
Cross Positions
Add a new tag
Caveats
  • Supply blocks, unpowered buildings, or Contaminate may cause inaccurate times.
  • Supply counts are checked every 10 seconds.